 Dungeon Sprint DCSS version 0.30.1-4-g462c640d31 (webtiles) character file.

Game seed: 2795929110436534624

280165 Heoruswealwe the Wrestler (level 12, 40/141 HPs)
             Began as a Troll Berserker on Aug 18, 2023.
             Was the Champion of Trog.
             Escaped with the Orb!
             The game lasted 00:57:19 (2770 turns).

Heoruswealwe the Wrestler (Troll Berserker)         Turns: 2770, Time: 00:57:20

Health: 40/141     AC: 19    Str: 32    XL:     12   Next: 95%
Magic:  11/11      EV: 17    Int:  3    God:    Trog [******]
Gold:   861        SH:  0    Dex:  9    Spells: 11/11 levels left

rFire   + +          .
                       - Unarmed
rCold   x . .        s - orb {light}
rNeg    . . .        m - +5 fire dragon scales
rPois   .            f - +1 hat {SInv}
rElec   .            u - +4 dragonskin cloak
rCorr   .            (gloves unavailable)
SInv    +            (boots unavailable)
Will    .....        (no amulet) Stlth
                     d - +5 ring of evasion
HPRegen 1.23/turn    k - ring of flight
MPRegen 0.12/turn

%: no teleportation
@: flying, hasted, glowing, unable to drink, very quick
A: large, unfitting armour, claws 3, regeneration 1, shaggy fur 1, tough skin 1,
hooves 1, iridescent scales 1, deformed body, inability to drink after injury 1
0: Orb of Zot
a: Renounce Religion, Berserk, Trog's Hand, Brothers in Arms


You escaped.
You worshipped Trog.
Trog was exalted by your worship.
You visited 1 branch You collected 6740 gold pieces.
You spent 5879 gold pieces at shops.

Inventory:

Armour
 f - a +1 hat of see invisible (worn)
 m - +5 fire dragon scales (worn)
 s - an orb of light (worn)
 u - the +4 dragonskin cloak (worn)
   (You took it off Tiamat in the Dungeon)

   Avatar's Aegis: It grants the wearer a chance to resist fire, cold, poison,
   electricity, acid, and negative energy.
Jewellery
 d - a +5 ring of evasion (left claw)
 j - a ring of see invisible
 k - a ring of flight (right claw)
Wands
 e - a wand of flame (4)
 h - a wand of digging (2)
Scrolls
 l - a scroll of poison
 n - 2 scrolls of silence
 o - 2 scrolls of summoning
 p - a scroll of identify
 q - a scroll of fear
 t - 2 scrolls of immolation
Potions
 b - 7 potions of curing
 i - a potion of lignification
 r - a potion of degeneration {unknown}
 A - a potion of cancellation
Miscellaneous
 c - a box of beasts


   Skills:
 + Level 15.0 Fighting
 + Level 17.0 Dodging
 * Level 25.2 Unarmed Combat


You had 11 spell levels left.
You didn't know any spells.
Your spell library was empty.

Dungeon Overview and Level Annotations

Branches:
Dungeon (1/1)

Altars:
Cheibriados
Dithmenos
Elyvilon
Fedhas
Gozag
Hepliaklqana
Kikubaaqudgha
Makhleb
Nemelex Xobeh
Okawaru
Qazlal
Ru
Sif Muna
Trog
Uskayaw
Vehumet
Wu Jian
Xom
Yredelemnul
Zin
The Shining One
Jiyva
Lugonu

Shops:
D *:[[:[*!=[[***[(:([=*


Innate Abilities, Weirdness & Mutations

You are too large for most types of armour.
You have claws for hands.
Your natural rate of healing is unusually fast.
You are covered in fur. (AC +1)
You have tough skin. (AC +1)
You have large cloven feet.
You are partially covered in iridescent scales. (AC +2)
Armour fits poorly on your strangely shaped body.
You occasionally lose the ability to drink potions when taking damage.


Message History

The Orb Guardian attacks as you move away!
The Orb Guardian barely misses you. The Orb Guardian closely misses you.
There is an open door here.
The Orb Guardian attacks as you move away!
The Orb Guardian hits you!!
You feel threatened and lose the ability to drink potions!
The Orb Guardian barely misses you.
You can drink potions again.
There is an open door, spattered with blood here.
The Orb Guardian attacks as you move away!
The Orb Guardian hits you but does no damage.
The Orb Guardian hits you!
You see here a +2 rapier of flaming.
You feel yourself speed up. The Orb Guardian hits you!!
You feel threatened and lose the ability to drink potions!
* * * LOW HITPOINT WARNING * * *
You reach down and open the door.
The Orb Guardian hits you!!
* * * LOW HITPOINT WARNING * * *
There is an open door here.
Blink to where?
Press: ? - help, Dir - move target
As you read the scroll of blinking, it crumbles to dust.
There is an open door here.
There is an open door here.
There is an open door here.
Things that are here:
a +0 scythe; a +0 robe
There is an open door here.
There is an open door, spattered with blood here.
You see here a +0 giant club.
Things that are here:
a +2 dagger of flaming; a +0 leather armour
There is an open door, spattered with blood here.
There is a staircase leading out of the dungeon here.
You cannot drink potions in your current state!
You reach down and close the door.
There is a staircase leading out of the dungeon here.
You start resting.
Something unseen opens the door.
You have escaped!

##################
#@.#..)..#..'..#__
#..X).#..').#..'..
#..#####'#####'#__
#..####..#...#!###
#..#__####..##"#~~
#..#_____##'#_.+~~
#⌠⌠#_.∩...'..._#~§
##.#_..__##_.#'##+
#..#_____###'..#.)


You could see an Orb Guardian.

Vanquished Creatures
  Tiamat (D)
  A golden dragon (D)
  A daeva (D)
  4 fire giants (D)
  A lorocyproca (D)
  A hydra (D)
  2 centaur warriors (D)
  Sonja (D)
  A deep troll (D)
  A lindwurm (D)
  8 shining eyes (D)
  An oklob plant (D)
  4 demonic crawlers (D)
  A gargoyle (D)
  2 kobold demonologists (D)
  7 unseen horrors (D)
  A meliai (D)
  A hornet (D)
  A slime creature (D)
  Sigmund (D)
  A yak (D)
  13 hogs (D)
  2 redbacks (D)
  7 floating eyes (D)
  An ogre (D)
  7 necrophages (D)
  8 jellies (D)
  Ijyb (D)
  A ballistomycete spore (D)
82 creatures vanquished.

Vanquished Creatures (collateral kills)
  A shadow dragon (D)
1 creature vanquished.

Vanquished Creatures (others)
  A ballistomycete spore (D)
1 creature vanquished.

Grand Total: 84 creatures vanquished

Notes
Turn   | Place    | Note
-------+----------+-------------------------------------------
     0 | D        | Heoruswealwe the Troll Berserker began the quest for the
                  | Orb.
     0 | D        | Reached XP level 1. HP: 22/22 MP: 0/0
     1 | D        | Noticed Ijyb
     9 | D        | Killed Ijyb
    10 | D        | Reached skill level 5 in Unarmed Combat
    10 | D        | Reached XP level 2. HP: 18/31 MP: 1/1
    35 | D        | Noticed an ogre
    38 | D        | Killed an ogre
    39 | D        | Reached skill level 7 in Unarmed Combat
    39 | D        | Reached XP level 3. HP: 29/40 MP: 2/2
    39 | D        | Reached XP level 4. HP: 35/49 MP: 3/3
    78 | D        | Noticed Sigmund
    83 | D        | Killed Sigmund
    83 | D        | Reached ** piety under Trog
    84 | D        | Reached skill level 5 in Fighting
    84 | D        | Reached skill level 5 in Dodging
    84 | D        | Reached skill level 9 in Unarmed Combat
    84 | D        | Reached XP level 5. HP: 47/59 MP: 4/4
    84 | D        | Reached XP level 6. HP: 54/67 MP: 5/5
    97 | D        | Found a burning altar of Makhleb.
    97 | D        | Found a viscous altar of Jiyva.
    97 | D        | Found a shimmering altar of Xom.
    97 | D        | Found a corrupted altar of Lugonu.
    97 | D        | Noticed a slime creature
   104 | D        | Killed a slime creature
   105 | D        | Reached skill level 10 in Unarmed Combat
   124 | D        | Found an ornate altar of the Wu Jian Council.
   124 | D        | Found a shimmering blue altar of Sif Muna.
   126 | D        | Found a radiant altar of Vehumet.
   163 | D        | Found Buehy's Armour Emporium.
   163 | D        | Found an ancient bone altar of Kikubaaqudgha.
   163 | D        | Found a hazy altar of Hepliaklqana.
   163 | D        | Found a stormy altar of Qazlal.
   163 | D        | Found a hide-covered altar of Uskayaw.
   163 | D        | Found a blossoming altar of Fedhas.
   163 | D        | Found a bloodstained altar of Trog.
   163 | D        | Found an iron altar of Okawaru.
   163 | D        | Found a basalt altar of Yredelemnul.
   163 | D        | Found a glowing golden altar of the Shining One.
   163 | D        | Found a snail-covered altar of Cheibriados.
   163 | D        | Found a sacrificial altar of Ru.
   163 | D        | Found a glowing silver altar of Zin.
   163 | D        | Found a shadowy altar of Dithmenos.
   163 | D        | Found a white marble altar of Elyvilon.
   163 | D        | Noticed a yak
   167 | D        | Killed a yak
   167 | D        | Reached *** piety under Trog
   168 | D        | Reached skill level 11 in Unarmed Combat
   168 | D        | Reached XP level 7. HP: 67/78 MP: 6/6
   168 | D        | Found an opulent altar of Gozag.
   169 | D        | Found a sparkling altar of Nemelex Xobeh.
   190 | D        | Noticed a kobold demonologist
   191 | D        | Noticed a kobold demonologist
   195 | D        | Killed a kobold demonologist
   196 | D        | Reached skill level 12 in Unarmed Combat
   200 | D        | Killed a kobold demonologist
   200 | D        | Reached **** piety under Trog
   201 | D        | Reached skill level 13 in Unarmed Combat
   201 | D        | Reached XP level 8. HP: 87/88 MP: 7/7
   214 | D        | Noticed a centaur warrior
   216 | D        | Noticed a centaur warrior
   219 | D        | Identified the +0 leather armour of Fuot {Str+3 Stlth+}
   227 | D        | Killed a centaur warrior
   228 | D        | Reached skill level 14 in Unarmed Combat
   231 | D        | Killed a centaur warrior
   232 | D        | Reached skill level 15 in Unarmed Combat
   232 | D        | Reached XP level 9. HP: 32/100 MP: 8/8
   298 | D        | Noticed a deep troll
   301 | D        | Killed a deep troll
   301 | D        | Reached ***** piety under Trog
   313 | D        | Found Wator's Armour Emporium.
   352 | D        | Noticed an oklob plant
   356 | D        | Killed an oklob plant
   357 | D        | Reached skill level 10 in Fighting
   357 | D        | Reached skill level 10 in Dodging
   357 | D        | Reached skill level 16 in Unarmed Combat
   386 | D        | Killed an unseen horror
   387 | D        | Reached XP level 10. HP: 102/111 MP: 9/9
   407 | D        | Received a gift from Trog
   471 | D        | Reached skill level 17 in Unarmed Combat
   476 | D        | Received a gift from Trog
   481 | D        | Paralysed by a floating eye for 3 turns
   510 | D        | Reached ****** piety under Trog
   510 | D        | Received a gift from Trog
   584 | D        | Found Demeph's Distillery.
   584 | D        | Found Qaskuaf's General Store.
   584 | D        | Found Honemydgh's Jewellery Boutique.
   590 | D        | Found Kexead's Antique Weapon Boutique.
   590 | D        | Found Sempa's Jewellery Emporium.
   590 | D        | Found Mukemud's Magic Scroll Emporium.
   592 | D        | Found Doenis's Book Boutique.
   592 | D        | Found Xoasemn's Antique Weapon Shoppe.
   592 | D        | Found Lekuhal's Armour Shop.
   592 | D        | Found Lyikhlup's General Store.
   592 | D        | Found Lost's Assorted Antiques.
   592 | D        | Found Dezem's Assorted Antiques.
   592 | D        | Found Lorid's Antique Armour Shop.
   596 | D        | Bought a scroll of magic mapping for 97 gold pieces
   596 | D        | Bought a scroll of silence for 123 gold pieces
   596 | D        | Bought a scroll of silence for 123 gold pieces
   596 | D        | Bought a scroll of identify for 26 gold pieces
   596 | D        | Bought a scroll of summoning for 123 gold pieces
   596 | D        | Bought a scroll of identify for 26 gold pieces
   596 | D        | Bought a scroll of identify for 26 gold pieces
   596 | D        | Bought a scroll of identify for 26 gold pieces
   601 | D        | Found Vinuptato's Antique Armour Emporium.
   605 | D        | Bought a potion of invisibility for 96 gold pieces
   605 | D        | Bought a scroll of amnesia for 48 gold pieces
   605 | D        | Bought a potion of flight for 36 gold pieces
   605 | D        | Bought a potion of haste for 120 gold pieces
   606 | D        | Bought a scroll labelled WUETINL BILEV for 25 gold pieces
   606 | D        | Bought a scroll labelled UXINOUTELYN for 25 gold pieces
   606 | D        | Bought a scroll labelled WENLAE ANAITS for 25 gold pieces
   606 | D        | Bought a purple potion for 22 gold pieces
   607 | D        | Bought a fizzy clear potion for 23 gold pieces
   607 | D        | Bought a scroll labelled WUETINL BILEV for 26 gold pieces
   607 | D        | Bought a scroll labelled WENLAE ANAITS for 26 gold pieces
   607 | D        | Bought a scroll labelled WUETINL BILEV for 26 gold pieces
   607 | D        | Bought a scroll of identify for 52 gold pieces
   611 | D        | Bought a potion of berserk rage for 65 gold pieces
   611 | D        | Bought a potion of curing for 39 gold pieces
   611 | D        | Bought a potion of attraction for 39 gold pieces
   611 | D        | Bought a potion of cancellation for 104 gold pieces
   638 | D        | Bought a ring of see invisible for 150 gold pieces
   699 | D        | Noticed Sonja
   716 | D        | Killed Sonja
   810 | D        | Found Anyuck's Assorted Antiques.
   818 | D        | Bought a scroll of identify for 48 gold pieces
   818 | D        | Bought a scroll of identify for 48 gold pieces
   818 | D        | Bought a fuming clear potion for 21 gold pieces
   818 | D        | Bought a potion of curing for 72 gold pieces
   818 | D        | Bought a scroll of identify for 48 gold pieces
   818 | D        | Bought a scroll of identify for 48 gold pieces
   854 | D        | Noticed a demonic crawler
   854 | D        | Noticed a demonic crawler
   854 | D        | Noticed a demonic crawler
   854 | D        | Noticed a demonic crawler
   856 | D        | Killed a demonic crawler
   858 | D        | Killed a demonic crawler
   859 | D        | Reached skill level 18 in Unarmed Combat
   862 | D        | Killed a demonic crawler
   862 | D        | Received a gift from Trog
   867 | D        | Killed a demonic crawler
   920 | D        | Noticed a lindwurm
   925 | D        | Killed a lindwurm
   951 | D        | Reached XP level 11. HP: 111/123 MP: 10/10
   956 | D        | Reached skill level 19 in Unarmed Combat
   967 | D        | Received a gift from Trog
  1085 | D        | Noticed a lorocyproca
  1092 | D        | Killed a lorocyproca
  1407 | D        | Bought 2 scrolls of acquirement for 1352 gold pieces
  1412 | D        | Acquired a manual of Dodging
  1414 | D        | Acquired 1061 gold pieces
  1421 | D        | Bought a ring of flight for 192 gold pieces
  1447 | D        | Noticed a shining eye
  1447 | D        | Noticed a shining eye
  1447 | D        | Noticed a shining eye
  1450 | D        | Received a gift from Trog
  1451 | D        | Gained mutation: You occasionally lose the ability to read
                  | scrolls when taking damage. [a shining eye]
  1452 | D        | Gained mutation: You are clumsy. (Dex -2) [a shining eye]
  1456 | D        | Gained mutation: You are frail. (-10% HP) [a shining eye]
  1457 | D        | Killed a shining eye
  1458 | D        | Reached skill level 20 in Unarmed Combat
  1458 | D        | Killed a shining eye
  1459 | D        | Noticed a shining eye
  1459 | D        | Noticed a shining eye
  1460 | D        | Killed a shining eye
  1463 | D        | Killed a shining eye
  1467 | D        | Killed a shining eye
  1467 | D        | Received a gift from Trog
  1475 | D        | Noticed a shining eye
  1476 | D        | Noticed a shining eye
  1476 | D        | Noticed a shining eye
  1481 | D        | Killed a shining eye
  1483 | D        | Paralysed by a floating eye for 3 turns
  1486 | D        | Gained mutation: You occasionally lose the ability to drink
                  | potions when taking damage. [a shining eye]
  1487 | D        | Killed a shining eye
  1491 | D        | Killed a shining eye
  1498 | D        | Found Pitillut's Book Shoppe.
  1498 | D        | Found Zenoedofo's Book Shop.
  1498 | D        | Found Isotzuaf's Armour Emporium.
  1498 | D        | Found Toteu's Armour Boutique.
  1521 | D        | Bought a manual of Unarmed Combat for 1040 gold pieces
  1523 | D        | Bought a +1 hat of see invisible for 192 gold pieces
  1594 | D        | Noticed a daeva
  1601 | D        | Reached skill level 21 in Unarmed Combat
  1607 | D        | Received a gift from Trog
  1665 | D        | Killed a daeva
  1666 | D        | Reached skill level 22 in Unarmed Combat
  1666 | D        | Reached XP level 12. HP: 64/122 MP: 11/11
  1745 | D        | Noticed a 12-headed hydra
  1747 | D        | Killed a 13-headed hydra
  1882 | D        | Noticed a shadow dragon
  1883 | D        | Noticed a golden dragon
  1890 | D        | Killed a golden dragon
  1891 | D        | Reached skill level 15 in Dodging
  1891 | D        | Reached skill level 23 in Unarmed Combat
  1892 | D        | Killed a shadow dragon
  1892 | D        | Received a gift from Trog
  2029 | D        | Found Jofurifo's General Store.
  2049 | D        | Bought a scroll of identify for 20 gold pieces
  2049 | D        | Bought a scroll of fear for 40 gold pieces
  2049 | D        | Bought a potion of curing for 30 gold pieces
  2049 | D        | Bought a scroll of identify for 20 gold pieces
  2054 | D        | Lost mutation: You occasionally lose the ability to drink
                  | potions when taking damage. [potion of mutation]
  2054 | D        | Lost mutation: You occasionally lose the ability to read
                  | scrolls when taking damage. [potion of mutation]
  2054 | D        | Lost mutation: You are clumsy. (Dex -2) [potion of
                  | mutation]
  2054 | D        | Gained mutation: You are partially covered in iridescent
                  | scales. (AC +2) [potion of mutation]
  2054 | D        | Gained mutation: You expend magic power (3 MP) to
                  | strengthen your wands. [potion of mutation]
  2054 | D        | Gained mutation: You occasionally lose the ability to drink
                  | potions when taking damage. [potion of mutation]
  2055 | D        | Lost mutation: You occasionally lose the ability to drink
                  | potions when taking damage. [potion of mutation]
  2055 | D        | Lost mutation: You expend magic power (3 MP) to strengthen
                  | your wands. [potion of mutation]
  2055 | D        | Lost mutation: You are frail. (-10% HP) [potion of
                  | mutation]
  2055 | D        | Gained mutation: Armour fits poorly on your strangely
                  | shaped body. [potion of mutation]
  2055 | D        | Gained mutation: You have large cloven feet. [potion of
                  | mutation]
  2055 | D        | Gained mutation: You occasionally lose the ability to drink
                  | potions when taking damage. [potion of mutation]
  2166 | D        | Bought +1 fire dragon scales for 938 gold pieces
  2224 | D        | Bought a potion of haste for 130 gold pieces
  2224 | D        | Bought a scroll of summoning for 123 gold pieces
  2298 | D        | Noticed a fire giant
  2308 | D        | Killed a fire giant
  2309 | D        | Reached skill level 24 in Unarmed Combat
  2312 | D        | Noticed a fire giant
  2312 | D        | Noticed a fire giant
  2323 | D        | Noticed a fire giant
  2329 | D        | Killed a fire giant
  2333 | D        | Killed a fire giant
  2343 | D        | Killed a fire giant
  2343 | D        | Received a gift from Trog
  2452 | D        | Identified the +10 hand axe of Disembowelment {venom, rC+
                  | Will++ Str+2 Dex-2}
  2461 | D        | Found the +4 dragonskin cloak
  2461 | D        | Noticed Tiamat
  2503 | D        | Killed Tiamat
  2504 | D        | Reached skill level 15 in Fighting
  2504 | D        | Reached skill level 25 in Unarmed Combat
  2698 | D        | Got the Orb of Zot
  2709 | D        | Noticed an Orb Guardian
  2770 | D        | Escaped with the Orb!

Illustrated notes

Levels and vault maps discovered:
D:        dungeon_sprint_1 [red_sonja_temple_1, red_sonja_temple_small_1]

Skill      XL: |  1  2  3  4  5  6  7  8  9 10 11 12 |
---------------+-------------------------------------+-----
Fighting       | 3 4 5 7 8 9 10 11 13 15 | 15.0
Dodging        | 3 4 5 7 8 9 10 11 14 17 | 17.0
Unarmed Combat | 5 7 9 11 13 15 16 18 22 25 | 25.2

Action                     |  1- 3 |  4- 6 |  7- 9 | 10-12 || total
---------------------------+-------+-------+-------+-------++-------
  Melee: Unarmed           |     9 |    15 |    33 |   211 ||   268
         Punch             |     1 |     1 |     4 |    23 ||    29
         Kick              |       |       |       |    17 ||    17
 Invoke: Berserk           |       |       |     1 |     6 ||     7
         Brothers in Arms  |       |       |       |     1 ||     1
  Evoke: Wand              |     1 |       |       |     4 ||     5
    Use: Potion            |     1 |       |     1 |     9 ||    11
         Scroll            |       |       |       |    22 ||    22
 Armour: Animal skin       |       |     1 |     9 |    20 ||    30
         Fire dragon scale |       |       |       |     4 ||     4
  Dodge: Dodged            |     1 |     3 |    17 |   106 ||   127
